Map: Odyssey LE

Players

Beastyqt

  • Race: Terran Terran
  • League: Master
  • Spawn Location: 11:00

A.I. 1 (Very Easy) - Winner!

  • Race: Protoss Protoss
  • Spawn Location: 5:00

VOD

https://www.youtube.com/watch?v=mFWwHcoUxbs

Description

Time

  • Played on: Nov. 17, 2017, 10:20 a.m.
  • Length: 8:20
Show
View Real Time Build Order
Export as new Build Order

Beastyqt Terran 

Build Orders: Reaper Expand, MMM Bio 

Get SALT Encoding   

  12  0:01  SCV  
  13  0:13  SCV  
  14  0:17  Supply Depot  
  14  0:25  SCV  
  15  0:38  SCV  
  15  0:40  Barracks  
  16  0:44  Refinery  
  16  0:50  SCV  
  17  1:02  SCV  
  18  1:14  SCV  
  19  1:27  Reaper, Orbital Command  
  20  1:43  Command Center  
  20  1:53  SCV  
  21  1:58  Barracks  
  21  2:02  Barracks Reactor  
  21  2:07  SCV  
  22  2:13  Supply Depot  
  22  2:19  SCV  
  23  2:25  Engineering Bay  
  23  2:34  SCV  
  24  2:39  Marine x2  
  26  2:44  Barracks Tech Lab  
  26  2:46  SCV  
  27  2:55  Orbital Command  
  27  2:57  Marine x2  
  29  2:58  SCV  
  29  3:02  Marine  
  29  3:03  Stimpack  
  31  3:09  Terran Infantry Weapons Level 1  
  31  3:12  SCV  
  32  3:17  Marine x2  
  32  3:19  Supply Depot  
  34  3:20  Bunker  
  34  3:22  SCV  
  34  3:24  SCV  
  36  3:28  Marine  
  37  3:34  SCV  
  37  3:35  Marine  
  37  3:36  SCV  
  37  3:38  Barracks  
  40  3:44  Refinery, Marine  
  40  3:46  SCV, Marine  
  40  3:48  SCV  
  44  3:51  Supply Depot  
  44  3:55  Marine  
  45  3:58  SCV  
  45  4:02  SCV  
  47  4:03  Factory  
  47  4:06  Marine x2  
  49  4:10  SCV  
  49  4:13  Marine  
  49  4:15  Supply Depot, Refinery  
  51  4:18  SCV  
  51  4:24  SCV  
  53  4:26  Marine  
  53  4:27  Barracks Tech Lab  
  53  4:28  Marine  
  53  4:30  SCV, Marine  
  57  4:36  SCV  
  58  4:38  Supply Depot  
  58  4:42  SCV  
  58  4:43  Marine  
  60  4:46  Marine x2  
  60  4:48  Starport, Marine  
  60  4:49  Factory Reactor  
  60  4:50  SCV  
  64  4:55  Supply Depot  
  64  4:56  SCV  
  65  5:01  Marine  
  65  5:02  Supply Depot  
  65  5:03  SCV  
  65  5:04  Combat Shields, Marine x2  
  65  5:06  Marine  
  70  5:15  SCV  
  70  5:19  Marine  
  70  5:20  SCV  
  73  5:21  Marine  
  73  5:22  Marine  
  73  5:24  Supply Depot, Marine  
  73  5:27  Concussive Shells, SCV  
  77  5:30  Medivac x2  
  77  5:32  Terran Infantry Armor Level 1  
  81  5:36  SCV  
  81  5:37  Refinery, Marine  
  81  5:39  Marine  
  81  5:40  Marine  
  85  5:43  Marine  
  85  5:47  Factory Reactor  
  86  5:54  Command Center  
  86  5:55  Marine  
  86  5:56  SCV x2  
  89  5:57  Marine  
  89  5:58  Marine  
  89  6:00  Medivac  
  89  6:01  Marine  
  89  6:02  Medivac  
  96  6:11  SCV x2  
  98  6:12  Marine  
  98  6:14  Supply Depot  
  98  6:15  Marine x2  
  101  6:19  Marine  
  101  6:22  Barracks  
  101  6:24  Barracks  
  102  6:30  Supply Depot  
  102  6:35  Widow Mine x2, Marine x2  
  102  6:38  Supply Depot  
  102  6:39  Supply Depot, SCV x2  
  110  6:52  Medivac  
  112  6:54  SCV  
  112  6:56  Engineering Bay, Armory  
  112  6:58  SCV  
  114  7:04  Widow Mine  
  114  7:05  Medivac, Widow Mine  
  114  7:07  SCV  
  121  7:12  Orbital Command  
  121  7:18  SCV  
Show
View Real Time Build Order
Export as new Build Order

A.I. 1 (Very Easy) Protoss - Winner!

Build Orders:  

Get SALT Encoding   

  12  0:00  Probe  
  13  0:13  Probe  
  14  0:20  Pylon  
  14  0:37  Assimilator  
  14  0:42  Gateway  
  14  0:46  Pylon  
  14  1:13  Assimilator  
  14  1:25  Probe  
  14  1:32  Zealot, Cybernetics Core  
  17  1:38  Probe  
  18  1:50  Probe  
  19  2:02  Probe  
  20  2:08  Warp Gate  
  20  2:14  Probe  
  21  2:26  Probe  
  22  2:46  Stalker  
  24  7:20  Probe  
  24  7:21  Adept  
  27  7:24  Pylon  
  27  7:26  Robotics Facility  
  27  7:30  Nexus  
  27  7:32  Probe  
  28  7:44  Probe  
  28  7:50  Stalker, Pylon  
  26  7:56  Probe  
  23  8:07  Pylon  
  23  8:11  Pylon  
Tags
 
Composition
MMM Bio
League
Master
Matchup
PvT
Player
Beastyqt
Spawn Locations
Cross Positions
Add a new tag
Caveats
  • Supply blocks, unpowered buildings, or Contaminate may cause inaccurate times.
  • Supply counts are checked every 10 seconds.